 Dungeon Crawl Stone Soup version 0.27-a0-1579-g97d2440184 (webtiles) character file.

Game seed: 6043498578888645189

726 Zonian the Conjurer (level 7, -1/35 HPs)
             Began as a Vine Stalker Conjurer on July 17, 2021.
             Slain by a hornet (9 damage)
             ... on level 4 of the Dungeon.
             The game lasted 00:08:45 (5885 turns).

Zonian the Conjurer (Vine Stalker Conjurer)         Turns: 5885, Time: 00:08:46

Health: -1/35      AC:  3    Str: 10    XL:     7   Next: 72%
Magic:  0/14       EV: 16    Int: 19    God:
Gold:   115        SH:  0    Dex: 13    Spells: 11/14 levels left

rFire    . . .     SeeInvis .   l - +2 dagger (speed)
rCold    . . .     Faith    .   (no shield)
rNeg     . . .     Spirit   +   r - +0 leather armour
rPois    .         Reflect  .   (no helmet)
rElec    .         Harm     .   (no cloak)
rCorr    .         Rampage  .   (no gloves)
Will     .....                  (no boots)
Stlth    ++........             (no amulet)
HPRegen  1.11/turn              q - +4 ring of evasion
MPRegen  0.14/turn              (no ring)

@: slowed, very slow
A: fangs 2, regeneration 1, magic shield, antimagic bite, no potion heal 2
a: no special abilities


You were on level 4 of the Dungeon.
You visited 1 branch of the dungeon, and saw 4 of its levels.

You collected 115 gold pieces.

Inventory:

Hand Weapons
 b - a +2 falchion of electrocution
 c - a +1 short sword of speed
 j - a +1 dagger of venom
 l - a +2 dagger of speed (weapon)
 o - a +0 dagger of venom
Armour
 a - a +1 robe
 r - a +0 leather armour (worn)
Jewellery
 q - a +4 ring of evasion (left hand)
Wands
 n - a wand of charming (8)
 p - a wand of paralysis (4)
Scrolls
 d - 2 scrolls of amnesia
 i - 2 scrolls of teleportation
 m - a scroll of magic mapping
Potions
 e - a potion of flight
 f - a potion of resistance {unknown}
 g - a potion of haste {unknown}
 h - a potion of heal wounds {unknown}
 k - a potion of attraction
 s - a potion of degeneration {unknown}
 t - a potion of might {unknown}


   Skills:
 + Level 2.2 Fighting
 + Level 2.2 Short Blades
 + Level 3.0 Dodging
 + Level 4.4 Stealth
 + Level 4.4 Spellcasting
 + Level 5.8 Conjurations


You had 11 spell levels left.
You knew the following spells:

 Your Spells              Type           Power      Damage    Failure   Level
a - Magic Dart            Conj           100%       1d8       1%          1
b - Searing Ray           Conj           52%        3d5       2%          2

Your spell library contained the following spells:

 Spells                   Type           Power      Damage    Failure   Level
 Dazzling Flash           Conj/Hex       30%        N/A       16%         3
 Sublimation of Blood     Necr           2%         N/A       26%         2
 Wereblood                Tmut           4%         N/A       26%         2
 Frozen Ramparts          Ice            8%         1d2       47%         3
 Fulminant Prism          Conj/Hex       7%         3d7       47%         4
 Iskenderun's Mystic Bla  Conj/Tloc      15%        2d5       47%         4
 Ice Form                 Ice/Tmut       4%         N/A       87%         4
 Summon Ice Beast         Ice/Summ       4%         N/A       87%         4
 Summon Hydra             Summ           2%         N/A       100%        7


Dungeon Overview and Level Annotations

Branches:
Dungeon (4/15)
 Temple: D:4-7

Altars:
Zin
The Shining One

Annotations:
D:4 2 transporters, gressup's ghost, amateur OgTm


Innate Abilities, Weirdness & Mutations

You have extremely sharp teeth.
Your natural rate of healing is unusually fast.
When hurt, damage is shared between your health and your magic reserves.
Your bite disrupts and absorbs the magic of your enemies.
Potions cannot restore your health.


Message History

The magic dart hits the hornet.
The hornet is severely wounded.
You feel sick. The hornet misses you.
The hornet stings you but does no damage.
Unknown command.
You hit the hornet but do no damage.
The hornet is severely wounded.
You feel sick. The hornet closely misses you. x2
You hit the hornet but do no damage. Your bite misses the hornet.
The hornet is severely wounded.
You feel yourself speed up.
You feel sick. The hornet stings you.
You feel yourself slow down.
Unknown command.
You hit the hornet but do no damage.
The hornet is severely wounded.
You feel sick. The hornet stings you.
You feel as though you will be slow longer.
The hornet closely misses you.
You hit the hornet but do no damage.
The hornet is severely wounded.
You feel sick. The hornet barely misses you.
You hit the hornet.
The hornet is severely wounded.
You feel sick. The hornet closely misses you.
You miss the hornet. Your bite misses the hornet.
The hornet is severely wounded.
You feel yourself speed up.
You feel sick.
You are no longer poisoned.
The hornet closely misses you.
Unknown command.
You hit the hornet but do no damage. Your bite misses the hornet.
The hornet is severely wounded.
The hornet stings you!
* * * LOW HITPOINT WARNING * * *
You feel yourself slow down.
You hit the hornet but do no damage. Your bite misses the hornet.
The hornet is severely wounded.
The hornet stings you!
You die...

....# #.# ....# #.#
....####.###################
................#....[.....#
....###..######.#.########.#
....# #..# ##.#.## #.# ....#
#..#####.....#######.# #####
#..).....#.._........#
#.######..@y...####..## #.#
#.###....# ##...# #Z#
#..#.....###...#.# #.#
#.#.....<......##.# #.#
#.###..........#.##
#.#####.# ###.###.c...#
#.......# #.# #)##.##
#..###### #.# #.##.# #....
#.# #y##.#


You could see a hornet.

Vanquished Creatures
  2 ogres (D:4)
  A centaur (D:4)
  A bullfrog (D:4)
  A scorpion (D:4)
  2 vampire bats (D:4)
  A jelly (D:4)
  A centaur skeleton (D:4)
  An orc wizard (D:3)
  Ijyb (D:4)
  A hound skeleton (D:4)
  Robin (D:2)
  4 adders
  An adder skeleton (D:4)
  2 worms (D:3)
  A dart slug (D:3)
  7 orcs
  2 endoplasms
  6 giant cockroaches
  17 goblins
  7 hobgoblins
  4 jackals
  3 quokkas
  6 ball pythons
  8 bats
  A frilled lizard (D:1)
  8 kobolds
  4 rats
94 creatures vanquished.

Vanquished Creatures (others)
  An orc priest (D:3)
  A hobgoblin (D:4)
  30 plants (D:2)
32 creatures vanquished.

Grand Total: 126 creatures vanquished

Notes
Turn   | Place    | Note
-------+----------+-------------------------------------------
     0 | D:1      | Zonian the Vine Stalker Conjurer began the quest for the
                  | Orb.
     0 | D:1      | Reached XP level 1. HP: 9/9 MP: 4/4
   397 | D:1      | Found a faded altar of an unknown god.
   481 | D:1      | Reached XP level 2. HP: 13/13 MP: 1/6
   955 | D:1      | Learned a level 2 spell: Searing Ray
  1226 | D:2      | Reached XP level 3. HP: 16/16 MP: 3/7
  1560 | D:2      | Noticed Robin
  1589 | D:2      | Killed Robin
  1833 | D:2      | Reached skill level 5 in Conjurations
  2012 | D:2      | Gained mutation: Your natural rate of healing is unusually
                  | fast. [Vine Stalker growth]
  2012 | D:2      | Reached XP level 4. HP: 21/21 MP: 7/9
  3457 | D:3      | Reached XP level 5. HP: 25/25 MP: 8/11
  3775 | D:3      | Found a glowing silver altar of Zin.
  4649 | D:4      | Found a glowing golden altar of the Shining One.
  4720 | D:4      | Noticed an ogre
  4731 | D:4      | Killed an ogre
  4732 | D:4      | Reached skill level 1 in Fighting
  4732 | D:4      | Reached skill level 1 in Short Blades
  4732 | D:4      | Reached XP level 6. HP: 30/30 MP: 12/12
  4801 | D:4      | Found a transporter.
  4801 | D:4      | Noticed gressup's ghost (amateur OgTm)
  4804 | D:4      | Found a transporter.
  5191 | D:4      | Noticed a hornet
  5192 | D:4      | Reached XP level 7. HP: 28/34 MP: 12/14
  5507 | D:4      | Noticed Ijyb
  5515 | D:4      | Killed Ijyb
  5885 | D:4      | Slain by a hornet

Illustrated notes

Levels and vault maps discovered:
D:1:      evilmike_arrival_rings, layout_rooms,
          ebering_ecumenical_altar_abandoned
D:2:      layout_loops_ring, serial_bayou_lagoon_a, uniq_robin
D:3:      layout_basic, zin_treasury
D:4:      layout_loops_ring, overflow_temple_1_default, gammafunk_ghost_arena,
          roderic_batcave, minmay_manual_mandibuliform, uniq_ijyb

Skill      XL: |  1  2  3  4  5  6  7 |
---------------+----------------------+-----
Conjurations   | 5 |  5.8
Spellcasting   | 3 4 |  4.4
Stealth        | 3 4 |  4.4
Dodging        | 2 3 |  3.0
Fighting       | 1 2 |  2.2
Short Blades   | 1 2 |  2.2

Action                   |  1- 3 |  4- 6 |  7- 9 || total
-------------------------+-------+-------+-------++-------
Melee: Short sword       |     7 |       |       ||     7
       Bite              |     4 |    22 |     4 ||    30
       Dagger            |    23 |   105 |    33 ||   161
 Cast: Magic Dart        |    48 |    83 |    33 ||   164
Evoke: Wand              |       |     3 |     5 ||     8
  Use: Scroll            |       |     9 |       ||     9
       Potion            |       |     1 |       ||     1
 Stab: Sleeping          |       |     2 |       ||     2
Armor: Robe              |     3 |    11 |     1 ||    15
       Leather armour    |       |       |    15 ||    15
Dodge: Dodged            |    18 |    51 |    57 ||   126

Table legend: (Time is in decaauts)
 A = Elapsed time spent in this place.
 B = Non-inter-level travel time spent in this place.
 C = Inter-level travel time spent in this place.
 D = Time resting spent in this place.
 E = Time spent auto-exploring this place.
 F = Levels seen in this place.
 G = Mean time per level.
                   A        B        C        D        E       F      G
               +--------+--------+--------+--------+--------+-----+--------+
         Total |   5845 |   5692 |    153 |   2644 |   2260 |   4 | 1461.2 |
       Dungeon |   5845 |   5692 |    153 |   2644 |   2260 |   4 | 1461.2 |
               +--------+--------+--------+--------+--------+-----+--------+

Top non-repeatable levels by time:
     D:3: 2530 daAuts
     D:2: 1199 daAuts
     D:1: 1141 daAuts
     D:4: 973 daAuts
